Description

9 Phoenix with Range at 5:05. Two base, 26 probes. No other units, so need teammates to defend early.

From Protoss Build Order Engine http://www.proboengine.com/build2.html. Probo notes: "Includes 26 probes, 2 nexi, and 2 stargates. Timing achieved by efficiently timing 3rd and 4th gas and juggling chrono between stargates. 9 phoenix will one shot opposing phoenix. Strong timing in teamgames when anticipating phoenix wars."

Build Order

Get SALT Encoding   

  14  0:17  Pylon  
  16  0:37  Gateway  
  19  1:12  Assimilator  
  19  1:20  Nexus  
  20  1:32  Cybernetics Core  
  21  1:41  Assimilator  
  22  1:50  Pylon  
  24  2:16  Stargate, Assimilator  
  26  2:59  Assimilator, Phoenix  
  28  3:09  Fleet Beacon  
  28  3:12  Action (Chrono Boost) Chrono All Phoenixes  
  28  3:16  Phoenix (Chrono Boost)  
  30  3:32  Phoenix  
  32  3:38  Stargate  
  32  3:54  Phoenix (Chrono Boost)  
  34  4:01  Anion Pulse-Crystals  
  34  4:15  Phoenix (Chrono Boost) Cont. Phoenix Production  
Spawning Tool Build Advisor. Get it on Overwolf

Analysis

Continuous probe production to 26 probes, then stop. Continuous phoenix production with chronos.

Go to:

Details

  • Created by: KillerFlea
  • Published on: May 25, 2020
  • Modified on: May 25, 2020
  • Patch: 4.11.0
Show
View Real Time Build Order
Export as new Build Order

Comments (0)

There are no comments. Be the first!

Create an account to comment!